 Dungeon Crawl Stone Soup version 0.27.0-1-g7a089689b8 (webtiles) character file.

Game seed: 15934179368777934075

58 ZombieSheep the Ruffian (level 3, -3/29 HPs)
             Began as a Draconian Transmuter on Aug 3, 2021.
             Slain by an orc wizard (4 damage)
             ... on level 3 of the Dungeon.
             The game lasted 00:03:57 (3419 turns).

ZombieSheep the Ruffian (Draconian Transmuter)      Turns: 3419, Time: 00:03:57

Health: -3/29      AC:  2    Str: 12    XL:     3   Next: 75%
Magic:  14/15      EV: 19    Int: 14    God:
Gold:   67         SH:  0    Dex: 14    Spells: 2/6 levels left

rFire    . . .     SeeInvis .     - Unarmed
rCold    . . .     Faith    .   (shield currently unavailable)
rNeg     + + .     Spirit   .   (armour unavailable)
rPois    x         Reflect  .   (helmet currently unavailable)
rElec    .         Harm     .   (cloak currently unavailable)
rCorr    +         Rampage  .   (gloves currently unavailable)
Will     .....                  (boots currently unavailable)
Stlth    +.........             (no amulet)
HPRegen  0.09/turn              a - ring of Upue {rN++ rCorr MP+9 Dex-2}
MPRegen  0.14/turn              h - ring of wizardry

@: spider-form (expiring)
A: venomous fangs, AC +5, tiny, unfitting armour, (cold-blooded)
a: End Transformation


You were on level 3 of the Dungeon.
You were a venomous arachnid creature.
You visited 1 branch of the dungeon, and saw 3 of its levels.

You collected 67 gold pieces.

Inventory:

Jewellery
 a - the ring of Upue (left front leg) {rN++ rCorr MP+9 Dex-2}
   (You acquired it on level 1 of the Dungeon)

   [ring of magical power]

   Dex:       It affects your dexterity (-2).
   rN:        It greatly protects you from negative energy.
   MP:        It affects your magic capacity (+9).
   rCorr:     It protects you from acid and corrosion.
 f - a ring of flight
 h - a ring of wizardry (right front leg)
Scrolls
 i - a scroll of fog {unknown}
 j - a scroll of fear {unknown}
 k - a scroll of identify
Potions
 b - 2 potions of might
 c - a potion of attraction {unknown}
 d - a potion of ambrosia {unknown}
 e - a potion of curing
 g - a potion of haste {unknown}


   Skills:
 + Level 1.9 Fighting
 + Level 2.2 Dodging
 + Level 3.4 Unarmed Combat
 + Level 2.4 Spellcasting
 + Level 2.4 Transmutations
 + Level 0.4 Poison Magic


You had 2 spell levels left.
You knew the following spells:

 Your Spells              Type           Power      Damage    Failure   Level
a - Beastly Appendage     Tmut           16%        N/A       9%          1
b - Spider Form           Tmut/Pois      2%         N/A       28%         3

Your spell library contained the following spells:

 Spells                   Type           Power      Damage    Failure   Level
 Wereblood                Tmut           8%         N/A       12%         2
 Ice Form                 Ice/Tmut       5%         N/A       63%         4


Dungeon Overview and Level Annotations

Branches:
Dungeon (3/15)

Altars:


Innate Abilities, Weirdness & Mutations

You are a venomous arachnid creature.
You have poisonous fangs.
You are tiny and dextrous.
Your spellcasting is less reliable in this form.
Your armour is entirely melded.
You are incapable of wielding weapons or throwing items.
((Your plain brown scales are hard. (AC +5)))
You cannot fit into any form of body armour.
((You are cold-blooded and may be slowed by cold attacks.))


Message History

The puff of flame hits you.
Your horns disappear.
Your talons disappear.
Casting: Beastly Appendage (safe; 3% risk of failure)
Confirm with . or Enter, or press ? or * to list all spells.
The spell is quite dangerous to cast (16% risk of failure)!
Continue anyway?
You turn into a venomous arachnid creature.
The orc wizard points at you and mumbles some strange words.
You are confused.
You are too confused!
You bump into the rock wall.
You bump into the stone wall.
You're too confused to move!
The orc wizard gestures wildly while chanting.
The orc wizard flickers and vanishes!
Deactivating autopickup; reactivate with Ctrl-A.
You bump into the rock wall.
Your transformation is almost over.
Something hits you.
You bump into the stone wall.
The orc shouts!
Something hits you but does no damage.
You bump into the rock wall.
Something hits you.
You miss something.
You feel less confused. Something hits you. The orc misses you.
You miss something.
You hear some strange, mumbled words.
A puff of flame appears from out of thin air!
The puff of flame hits you. The orc barely misses you.
You miss something. Something barely misses you.
You hit something but do no damage. Something hits you.
You miss something.
You hear some strange, mumbled words.
A magic dart appears from out of thin air!
The magic dart hits you!
* * * LOW HITPOINT WARNING * * *
You hit something but do no damage. Something barely misses you.
Unknown command.
You hit something. Something hits you.
You die...

....##..............#...#
######.#.#....#######...#
...#........#.# #...#
.......#.#.##.# #...#
...........#### #...#
...........# #...# ...........#
### ####...########
...........###.###ooo..........#
................s{o#####..#.####
......############## #.....#
...#..# #.#.#.# #.##..#
#........# #.##.## 8#
#...#.#..o..o #.#..# ##.
###.....#o... #..)## ...#
###..#####. ..### ..... #.## #.#
###### #..


You could see 4 orcs.

Vanquished Creatures
  An adder (D:2)
  A dart slug (D:1)
  3 orcs (D:3)
  4 endoplasms
  A giant cockroach (D:2)
  5 goblins
  6 hobgoblins
  4 jackals (D:2)
  3 ball pythons
  3 bats
  3 frilled lizards
  2 kobolds (D:2)
  2 rats
38 creatures vanquished.

Notes
Turn   | Place    | Note
-------+----------+-------------------------------------------
     0 | D:1      | ZombieSheep the Draconian Transmuter began the quest for
                  | the Orb.
     0 | D:1      | Reached XP level 1. HP: 16/16 MP: 3/3
   291 | D:1      | Found a faded altar of an unknown god.
   595 | D:1      | Reached XP level 2. HP: 18/23 MP: 5/5
  1305 | D:1      | Identified a scroll of acquirement
  1305 | D:1      | Acquired the ring of Upue {rN++ rCorr MP+9 Dex-2}
  1891 | D:2      | Reached XP level 3. HP: 27/29 MP: 6/6
  1895 | D:2      | Learned a level 3 spell: Spider Form
  3417 | D:3      | HP: 1/29 [something/magic dart (9)]
  3419 | D:3      | Slain by an orc wizard

Illustrated notes

Levels and vault maps discovered:
D:1:      lightli_arrival_windingriver, layout_basic,
          shapermc_ecumenical_altar_starsandcircs
D:2:      layout_loops_ring, palyth_stone_intersect
D:3:      layout_rooms, nicolae_dithmenos_shadow_blocks,
          biasface_ghost_orc_armoury, serial_co_window_serial,
          co_window_paths_a, co_window_paths_a, co_window_paths_b,
          co_window_corner_a, co_window_corner_a, co_window_broadway_c,
          co_window_broadway_c, co_window_2corner, co_window_cross_3,
          glass_columns_c, glass_columns_a, glass_columns_a, glass_columns_a,
          feat_on_display

Skill      XL: |  1  2 |
---------------+-------+-----
Dodging        | 2 |  2.2
Fighting       | |  1.9
Unarmed Combat | |  3.4
Spellcasting   | |  2.4
Transmutations | |  2.4
Poison Magic   | |  0.4

Action                   || total
-------------------------++-------
Melee: Unarmed           ||   182
       Tailslap          ||     9
       Punch             ||     2
       Kick              ||     6
       Headbutt          ||     3
 Cast: Beastly Appendage ||     6
       Spider Form       ||     1
  Use: Scroll            ||     4
 Stab: Sleeping          ||     3
Armor: Skin              ||    52
Dodge: Dodged            ||   106
